 Dungeon Crawl Stone Soup version 0.15-a0-1995-g7e6aeab (webtiles) character file.

40 N00bl0rd the Bolt Thrower (level 3, -6/20 HPs)
             Began as a Kobold Arcane Marksman on July 11, 2014.
             Mangled by Crazy Yiuf
             ... wielding a +3 quarterstaff of chaos
              (20 damage)
             ... on Level 2 of the Dungeon.
             The game lasted 00:09:58 (1303 turns).

N00bl0rd the Bolt Thrower (Kobold Arcane Marksman)  Turns: 1303, Time: 00:09:58

HP  -6/20        AC 13     Str 10      XL: 3   Next: 72%
MP   2/4         EV 11     Int 11      God:
Gold 55          SH  0     Dex 15      Spells:  2 memorised,  2 levels left

rFire  . . .     SeeInvis .     j - +3 mace
rCold  . . .     Clarity  .     r - +2 ring mail {rPois}
rNeg   . . .     rCorr    .     (no shield)
rPois  +         rRot     .     (no helmet)
rElec  .         Spirit   .     g - +2 cloak
SustAb .         Warding  .     (no gloves)
rMut   .         Stasis   .     e - +2 pair of boots
Gourm  .                        (no amulet)
MR     .....                    (no ring)
                                (no ring)

@: not resistant to hostile enchantments, very unstealthy
A: carnivore 3
a: no special abilities


You were on level 2 of the Dungeon.
You were completely stuffed.

You visited 1 branch of the dungeon, and saw 2 of its levels.

You collected 55 gold pieces.

Inventory:

Hand weapons
 b - a +0 crossbow
 j - a +3 mace (weapon)
Missiles
 c - 11 bolts
Armour
 e - a +2 pair of boots (worn)
 g - a +2 cloak (worn)
 r - a +2 ring mail of poison resistance (worn)
Comestibles
 a - a beef jerky
 f - 2 meat rations
 l - a rotting chunk of jackal flesh
 n - a chunk of ball python flesh
 p - a chunk of giant cockroach flesh
Scrolls
 i - 3 scrolls of identify {unknown}
 o - a scroll of remove curse {unknown}
Potions
 h - 2 potions of curing {unknown}
 k - a potion of flight {unknown}
 m - 2 potions of restore abilities {unknown}
Books
 d - a book of Debilitation

   Spells                             Type                      Level
   *Corona                            Hexes                        1
   *Slow                              Hexes                        2
   Inner Flame                        Hexes/Fire                   3
   Enslavement                        Hexes                        4
   Cause Fear                         Hexes                        4
   Leda's Liquefaction                Hexes/Earth                  4


   Skills:
 - Level 1.1 Fighting
 * Level 3.7 Crossbows
 - Level 2.4 Dodging
 + Level 1.5 Spellcasting
 * Level 3.4 Hexes


You had 2 spell levels left.
You knew the following spells:

 Your Spells              Type           Power        Failure   Level  Hunger
a - Corona                Hex            #......      17%         1    ##.....
b - Slow                  Hex            #.......     24%         2    ###....


Dungeon Overview and Level Annotations

Branches:
Dungeon (2/15)

Altars:

Annotations:
D:2 Crazy Yiuf


Innate Abilities, Weirdness & Mutations

You are small and have problems with some larger weapons.
You are carnivorous and can eat meat at any time.


Message History

Confirm with . or Enter, or press ? or * to list all spells.
You don't have enough magic to cast that spell.
Unknown command.
You barely miss Crazy Yiuf.
Crazy Yiuf hits you with a quarterstaff of chaos.
Crazy Yiuf yells, "Flower aubergine down!"
Crazy Yiuf hits you but does no damage.
You hit Crazy Yiuf.
Crazy Yiuf is lightly wounded.
Crazy Yiuf laughs, "Rifle Xom tired!"
Crazy Yiuf hits you but does no damage.
You thump Crazy Yiuf!
Crazy Yiuf is heavily wounded.
Crazy Yiuf completely misses you.
Your ring mail prevents you from hitting Crazy Yiuf.
Crazy Yiuf is heavily wounded.
Crazy Yiuf stops glowing.
Crazy Yiuf hits you but does no damage.
You are electrocuted!
Ouch! That really hurt!
You die...

#.#....#
##......#
#......#
##...#..#
####...#
#....# ##
#### ###.#
#....# ...#
####.# ♣.♣..♣
...####....##
♣...♣♣
........#...#
♣♣.♣♣
#######....##
♣.♣♣ #
####.## ♣♣@♣
# #....# ♣g♣
# #....# ♣♣.
### #....# .#
..######[...#
..
##..........#
..#
..#(##......#
.)#
..#.##......#
###
..#.##......#


You could see Crazy Yiuf.

Vanquished Creatures
  An adder (D:2)
  A giant gecko (D:1)
  A ball python (D:2)
  5 bats
  3 goblins
  2 hobgoblins
  2 jackals (D:2)
  4 kobolds (D:1)
  2 giant cockroaches
  11 giant newts
  2 rats
34 creatures vanquished.

Notes
Turn   | Place    | Note
--------------------------------------------------------------
     0 | D:1      | N00bl0rd, the Kobold Arcane Marksman, began the quest for the Orb.
     0 | D:1      | Reached XP level 1. HP: 12/12 MP: 2/2
   152 | D:1      | Reached XP level 2. HP: 16/16 MP: 3/3
   163 | D:1      | Learned a level 2 spell: Slow
   489 | D:1      | Reached XP level 3. HP: 20/20 MP: 4/4
  1294 | D:2      | Noticed Crazy Yiuf
  1303 | D:2      | Mangled by Crazy Yiuf

Action                   || total
-------------------------++-------
Melee: Mace              ||    24
 Fire: Crossbow          ||    41
 Cast: Corona            ||     6
       Slow              ||     1
  Eat: Chunk             ||    10
